 Dungeon Crawl Stone Soup version 0.18-a0-1171-ga8e22e7 (webtiles) character file.

3683 4thArraOfDagon the Grappler (level 9, -43/120 HPs)
             Began as a Troll Berserker on Jan 26, 2016.
             Was a Priest of Trog.
             Annihilated by Rupert
             ... wielding a +2 executioner's axe of flaming
              (45 damage)
             ... on level 4 of the Lair of Beasts.
             The game lasted 00:08:43 (1461 turns).

4thArraOfDagon the Grappler (Troll Berserker)       Turns: 1461, Time: 00:08:43

Health: -43/120    AC:  7    Str: 34    XL:     9   Next: 90%
Magic:  8/8        EV: 10    Int:  4    God:    Trog [***...]
Gold:   129        SH:  0    Dex:  9    Spells: 0 memorised, 8 levels left

rFire  + . .     SeeInvis .       - Unarmed
rCold  x . .     Gourm    +     k - +0 troll leather armour
rNeg   . . .     Faith    .     (no shield)
rPois  .         Spirit   .     (helmet restricted)
rElec  .         Dismiss  .     (no cloak)
rCorr  .         Reflect  .     (gloves unavailable)
SustAt .         Harm     .     (boots unavailable)
MR     +++..     Rnd*Rage +     j - necklace of Bloodlust {*Rage +Rage MR+ Str+2 Int-2 Slay+3 *Curse}
Stlth  ..........               (no ring)
                                i - ring of fire

@: berserking, lethally poisoned (-43 -> -43), regenerating, slowed, extremely
resistant to hostile enchantments, extremely unstealthy
A: unfitting armour, claws 3, fast metabolism 3, gourmand, regeneration 2,
shaggy fur 1, tough skin 2
a: Berserk, Trog's Hand, Burn Spellbooks, Renounce Religion, Evoke Berserk Rage


You were on level 4 of the Lair of Beasts.
You worshipped Trog.
Trog was most pleased with you.
You were very full.

You visited 2 branches of the dungeon, and saw 15 of its levels.

You collected 129 gold pieces.

Inventory:

Hand Weapons
 d - a +0 giant spiked club
Missiles
 g - a throwing net (quivered)
Armour
 k - a +0 troll leather armour (worn)
Jewellery
 i - a ring of fire (left claw)
 j - the necklace of Bloodlust (around neck) {*Rage +Rage MR+ Str+2 Int-2 Slay+3 *Curse}
   (You found it on level 9 of the Dungeon)

   [amulet of rage]

   It affects your strength (+2).
   It affects your intelligence (-2).
   It affects your accuracy and damage with ranged weapons and melee attacks
   (+3).
   It affects your resistance to hostile enchantments.
   It lets you go berserk.
   It may make you go berserk in combat.
   It may re-curse itself when equipped.
Wands
 f - a wand of fireball (9/15)
Scrolls
 c - a scroll of remove curse
Potions
 m - a potion of magic
Comestibles
 a - a meat ration
 b - 5 bread rations
 h - 7 beef jerkies
 l - 4 chunks of flesh


   Skills:
 - Level 2.4 Fighting
 - Level 2.4 Dodging
 * Level 13.9 Unarmed Combat


You had 8 spell levels left.
You didn't know any spells.

Dungeon Overview and Level Annotations

Branches:
Dungeon (11/15)              Lair (4/8) D:10
 Temple: D:4-7        Swamp: Lair:3-6    Shoals: Lair:3-6     Snake: Lair:3-6
 Spider: Lair:3-6       Orc: D:9-12

Altars:
Ashenzari
Cheibriados
Elyvilon
Xom
The Shining One

Annotations:
D:10 4thArraOfDagon's ghost, amateur MfBe
Lair:4 Rupert


Innate Abilities, Weirdness & Mutations

You are too large for most types of armour.
You have claws for hands.
Your metabolism is lightning-fast.
You like to eat raw meat.
You heal very quickly.
You are covered in fur (AC +1).
You have very tough skin (AC +2).


Message History

The redback misses you.
Unknown command.
Your troll leather armour prevents you from hitting Rupert.
Rupert is almost dead.
You feel sick.
The jumping spider leaps!
Rupert closely misses you.
The redback bites you but does no damage.
Unknown command.
Unknown command.
You claw Rupert!
Rupert is almost dead.
You feel sick.
The jumping spider leaps! x2; The redback bites you!
* * * LOW HITPOINT WARNING * * *
Unknown command.
Unknown command.
Unknown command.
You barely miss Rupert.
Rupert is almost dead.
You feel sick.
Rupert hits you with an executioner's axe of flaming!!!
You die...

............#
...........P
....(......#
....@......##
............# ##
...........# ##s#
...........#####@#
...........##.#@##
...........##.Wss#.#
...........#......#
............ss...#.#
.............§#.####
..............##.#
..#......§....# #.#
.##.⌠.#.......# ##


You could see Rupert (berserk), a wraith, 2 jumping spiders and 2 redbacks.

Vanquished Creatures
  A hill giant (D:11)
  2 spiny frogs (Lair:4)
  A centaur skeleton (D:10)
  A troll (D:9)
  A wyvern (Lair:4)
  A yak (D:10)
  A fire bat (Lair:4)
  3 water moccasins
  2 orc warriors
  An ice beast (D:10)
  A phantom (D:8)
  A black bear (D:8)
  3 ogres
  2 crocodiles
  3 giant frogs
  2 wights (D:10)
  A giant frog skeleton (D:9)
  A hound (D:9)
  3 orc wizards
  2 iguanas
  A worker ant (D:7)
  4 adders
  2 river rats (D:10)
  2 giant geckos
  10 orcs
  5 bats
  A giant cockroach (D:6)
  A quokka (D:7)
  7 rats (D:10)
  A fungus (D:10)
67 creatures vanquished.

Vanquished Creatures (others)
  2 fungi (D:10)
2 creatures vanquished.

Grand Total: 69 creatures vanquished

Notes
Turn   | Place    | Note
--------------------------------------------------------------
     0 | D:1      | 4thArraOfDagon the Troll Berserker began the quest for the Orb.
     0 | D:1      | Reached XP level 1. HP: 22/22 MP: 0/0
   117 | D:5      | Entered Level 5 of the Dungeon
   117 | D:5      | Noticed an ogre
   120 | D:5      | Killed an ogre
   120 | D:5      | Reached skill level 5 in Unarmed Combat
   120 | D:5      | Reached XP level 2. HP: 29/29 MP: 1/1
   120 | D:5      | Reached XP level 3. HP: 36/36 MP: 2/2
   120 | D:5      | Reached XP level 4. HP: 44/44 MP: 3/3
   185 | D:6      | Noticed a giant frog
   197 | D:6      | Killed a giant frog
   197 | D:6      | Reached skill level 6 in Unarmed Combat
   197 | D:6      | Reached XP level 5. HP: 10/50 MP: 4/4
   263 | D:7      | Noticed an ogre
   269 | D:7      | Killed an ogre
   269 | D:7      | Reached XP level 6. HP: 32/59 MP: 5/5
   320 | D:7      | Reached skill level 7 in Unarmed Combat
   378 | D:7      | Reached ** piety under Trog
   494 | D:8      | Found a glowing golden altar of the Shining One.
   505 | D:8      | Reached skill level 8 in Unarmed Combat
   505 | D:8      | Reached XP level 7. HP: 62/66 MP: 6/6
   534 | D:8      | Noticed a hungry ghost
   577 | D:8      | Found a white marble altar of Elyvilon.
   631 | D:9      | Reached skill level 9 in Unarmed Combat
   636 | D:9      | Found a shimmering altar of Xom.
   645 | D:9      | Found a shattered altar of Ashenzari.
   645 | D:9      | Found a snail-covered altar of Cheibriados.
   657 | D:9      | Noticed a troll
   663 | D:9      | Killed a troll
   663 | D:9      | Reached XP level 8. HP: 74/74 MP: 7/7
   773 | D:10     | Entered Level 10 of the Dungeon
   794 | D:10     | Reached skill level 10 in Unarmed Combat
   890 | D:11     | Noticed a hill giant
   934 | D:11     | Killed a hill giant
   934 | D:11     | Reached skill level 11 in Unarmed Combat
  1053 | D:10     | Reached skill level 12 in Unarmed Combat
  1053 | D:10     | Reached XP level 9. HP: 48/80 MP: 8/8
  1066 | D:10     | Found a staircase to the Lair.
  1102 | D:10     | Noticed 4thArraOfDagon's ghost (amateur MfBe)
  1104 | Lair:1   | Entered Level 1 of the Lair of Beasts
  1119 | Lair:2   | Reached *** piety under Trog
  1271 | Lair:4   | Noticed a spiny frog
  1275 | Lair:4   | Killed a spiny frog
  1275 | Lair:4   | Reached skill level 13 in Unarmed Combat
  1293 | Lair:4   | Noticed a spiny frog
  1310 | Lair:4   | Killed a spiny frog
  1396 | Lair:4   | Noticed a spiny frog
  1439 | Lair:4   | Noticed Rupert
  1444 | Lair:4   | Noticed a jumping spider
  1450 | Lair:4   | Noticed a jumping spider
  1453 | Lair:4   | Noticed a jumping spider
  1460 | Lair:4   | HP: 2/120 [redback (13)]
  1461 | Lair:4   | Annihilated by Rupert

Vault maps used:
D:1:      minmay_arrival_open_corners, roderic_nine_men_s_morris, st_stairs_11,
          minmay_cupped
D:2:      kennysheep_six_static_rooms, uniq_terence
D:3:      serial_glass, glass_columns_a, glass_columns_a, glass_columns_a,
          glass_columns_a, glass_columns_a, glass_columns_a,
          due_unseen_surprise, minmay_strange_pillars,
          grunt_dithmenos_smoke_and_mirrors
D:4:      trog_book
D:5:      first_bread
D:6:      grunt_temple_overflow_magic_moments, temple_statues,
          small_statue_intersection
D:7:      makhleb_grotto_becter, grunt_ogre_cave
D:8:      elyvilon_altar_5, tso_metal_star
D:9:      xom_teletrap_fun, gammafunk_temple_overflow_elements
D:10:     due_lair_maze_entry_diamond, kennysheep_generic_room_6
D:11:     hiddenorc1_lemuel, uniq_fannar
Lair:1:   columned_hall_lemuel, infiniplex_staircase_pool, grunt_megastairs_4
Lair:2:   bh_autumn_forest_stairs
Lair:3:   uniq_urug
Lair:4:   nicolae_spider_entry_tight_spaces, lemuel_fruit_tree,
          grunt_megastairs_2, uniq_josephine, uniq_rupert

Action                   |  1- 3 |  4- 6 |  7- 9 || total
-------------------------+-------+-------+-------++-------
Melee: Unarmed           |    15 |    51 |   143 ||   209
Invok: Berserk           |     1 |     3 |     8 ||    12
       Trog's Hand       |       |       |     2 ||     2
  Use: Potion            |       |       |     2 ||     2
       Scroll            |       |       |     4 ||     4
 Stab: Sleeping          |       |     1 |       ||     1
  Eat: Chunk             |     2 |     8 |    21 ||    31
